 Dungeon Crawl Stone Soup version 0.31.0-12-g77e489cdc1 (webtiles) character file.

Game seed: 13696386423419638288

1796 Gadfly the Trooper (level 9, -1/93 HPs)
             Began as an Oni Berserker on Feb 24, 2024.
             Was an Elder of Trog.
             Killed by divine providence
             ... invoked by an orc priest
              (14 damage)
             ... on level 7 of the Dungeon.
             The game lasted 00:07:52 (8569 turns).

Gadfly the Trooper (Oni Berserker)                  Turns: 8569, Time: 00:07:52

Health: -1/93      AC:  4    Str: 25    XL:     9   Next: 9%
Magic:  9/9        EV: 10    Int:  8    God:    Trog [****..]
Gold:   568        SH:  0    Dex: 10    Spells: 8/8 levels left

rFire   + . .        a - +1 flail (holy)
rCold   + . .        (no shield)
rNeg    . . .        f - +1 animal skin
rPois   .            (helmet restricted)
rElec   .            (no cloak)
rCorr   .            (gloves unavailable)
SInv    .            (boots unavailable)
Will    .....        (no amulet)
Stlth   +            o - ring of protection from cold
HPRegen 0.35/turn    q - ring of protection from fire
MPRegen 0.11/turn

%: no passive effects
@: no status effects
A: large, unfitting armour, horns 1, tough skin 1, double potion healing,
drunken brawling
a: Renounce Religion, Berserk, Trog's Hand, Brothers in Arms


You were on level 7 of the Dungeon.
You worshipped Trog.
Trog was greatly pleased with you.
You visited 2 branches of the dungeon, and saw 8 of its levels.
You also visited: Ossuary.

You collected 646 gold pieces.
You spent 78 gold pieces at shops.

Inventory:

Hand Weapons
 a - a +1 flail of holy wrath (weapon)
 b - a +3 dagger of draining
 p - a +0 morningstar
Armour
 f - a +1 animal skin (worn)
Jewellery
 o - a ring of protection from cold (left hand)
 q - a ring of protection from fire (right hand)
Wands
 i - a wand of flame (19) (quivered)
 m - a wand of mindburst (5)
Scrolls
 j - a scroll of fear
 n - a scroll of fog
 r - a scroll of teleportation
Potions
 c - a potion of attraction
 d - 6 potions of curing
 e - 5 potions of lignification
 g - a potion of mutation
 h - 3 potions of cancellation
 k - a potion of heal wounds
 l - a potion of ambrosia
 s - a potion of haste
 t - a potion of might
 u - a potion of brilliance {unknown}
 x - a potion of berserk rage {unknown}


   Skills:
 + Level 7.0 Fighting
 * Level 6.9 Maces & Flails
 * Level 5.3 Armour
 - Level 2.6 Dodging
 * Level 4.8 Evocations


You had 8 spell levels left.
You didn't know any spells.
Your spell library was empty.

Dungeon Overview and Level Annotations

Branches:
Dungeon (7/15)             Temple (1/1) D:5         Ossuary (visited)

Altars:
Ashenzari
Cheibriados
Elyvilon
Fedhas
Gozag
Hepliaklqana
Kikubaaqudgha
Makhleb
Nemelex Xobeh
Qazlal
Ru
Sif Muna
Trog
Uskayaw
Vehumet
Wu Jian
Xom
Yredelemnul
Zin

Shops:
D:2 =:   D:4 :   D:6 !


Innate Abilities, Weirdness & Mutations

You are too large for most types of armour.
You have a pair of small horns on your head.
You have tough skin. (AC +1)
You gain doubled healing and magic from potions.
Whenever you drink a healing potion, you attack all around you.


Message History

The orc priest hits you with a +2 trident of venom.
You are more poisoned.
The orc priest hits you with a +0 whip.
You feel very sick. The orc priest closely misses you.
You hit the ice beast. You headbutt the ice beast.
The ice beast is moderately wounded.
You feel very sick.
The orc priest hits you from afar with a +2 trident of venom.
The ice beast hits you. The ice beast freezes you. You resist.
* * * LOW HITPOINT WARNING * * *
Unknown command.
You feel very sick.
The orc priest looks satisfied for a moment.
You feel very sick.
You feel sick.
The ice beast attacks as it pursues you!
The ice beast hits you.
* * * LOW HITPOINT WARNING * * *
The ice beast freezes you. You resist.
* * * LOW HITPOINT WARNING * * *
You feel sick.
The ice beast attacks as it pursues you!
The ice beast hits you.
* * * LOW HITPOINT WARNING * * *
The ice beast freezes you! You resist.
* * * LOW HITPOINT WARNING * * *
You take a swig of the potion and twirl your +1 flail of holy wrath.
You sock the ice beast!
The ice beast is severely wounded.
You savour every drop.
You feel better. The ice beast hits you.
* * * LOW HITPOINT WARNING * * *
The ice beast freezes you. You resist.
* * * LOW HITPOINT WARNING * * *
The orc priest looks braver for a moment.
The ice beast attacks as it pursues you!
The ice beast closely misses you.
The orc priest calls down the wrath of Beogh upon you.
Beogh smites you!
You die...

############### ##
#.............# .# #
#####.##.......##.#
.#.#
#........#####o##.#
.#.###. #.###.#####
#o##o# ......? #.#
#.>...
#.##.###.......
#.###..#####
#Y#.o..oo......
#..........#
#.######.......
#####...##.#
#.@........####
#...##.#
########.###
.######..#..# #.. .#
............#
#.########
#######..#..#
#<........
##..#..#.##.########
#...................
#.........##...#####
#..######..........#


You could see an ice beast and 2 orc priests.

Vanquished Creatures
  Eustachio (D:6)
  A steam dragon (D:7)
  2 black bears (D:5)
  An ogre (D:5)
  4 scorpions
  2 hounds (D:6)
  An orc priest (D:5)
  2 jellies
  2 sleepcaps
  5 iguanas
  Ijyb (D:3)
  Terence (D:2)
  7 orc wizards
  4 scorpion zombies (D:7)
  A killer bee zombie (D:7)
  8 mummies (Ossuary)
  3 howler monkey skeletons (D:7)
  9 adders
  A shadow imp (D:7)
  A white imp (D:5)
  2 dart slugs
  2 ribbon worms
  20 orcs
  7 endoplasms
  3 giant cockroaches
  A gnoll zombie (Ossuary)
  3 goblins
  7 hobgoblins
  11 jackals
  4 quokkas
  5 ball pythons
  4 bats
  3 frilled lizards
  2 hobgoblin zombies (Ossuary)
  6 kobolds
  A kobold zombie (Ossuary)
  4 orc zombies (Ossuary)
  4 rats
146 creatures vanquished.

Vanquished Creatures (others)
  An orc wizard (D:5)
1 creature vanquished.

Grand Total: 147 creatures vanquished

Notes
Turn   | Place    | Note
-------+----------+-------------------------------------------
     0 | D:1      | Gadfly the Oni Berserker began the quest for the Orb.
     0 | D:1      | Reached XP level 1. HP: 24/24 MP: 1/1
   199 | D:1      | Reached XP level 2. HP: 32/32 MP: 2/2
   853 | D:2      | Found Caofraof's Jewellery Boutique.
   895 | D:2      | Reached skill level 1 in Armour
   934 | D:2      | Reached skill level 1 in Evocations
   934 | D:2      | Reached XP level 3. HP: 39/39 MP: 3/3
  1031 | D:2      | Found Wegei's Book Shop.
  1153 | D:2      | Found a faded altar of an unknown god.
  1204 | D:2      | Reached ** piety under Trog
  1320 | D:2      | Reached XP level 4. HP: 34/49 MP: 4/4
  1622 | D:2      | Noticed Terence
  1633 | D:2      | Killed Terence
  2263 | D:3      | Noticed Ijyb
  2274 | D:3      | Killed Ijyb
  2275 | D:3      | Reached XP level 5. HP: 34/55 MP: 5/5
  3073 | D:3      | Found an ornate altar of the Wu Jian Council.
  3352 | D:4      | Reached *** piety under Trog
  3560 | D:4      | Found Foenut's Book Shop.
  3594 | D:4      | Reached XP level 6. HP: 60/65 MP: 6/6
  3647 | D:4      | Reached skill level 5 in Fighting
  4131 | D:5      | Entered Level 5 of the Dungeon
  4141 | D:5      | Noticed a black bear
  4146 | D:5      | Killed a black bear
  4180 | D:5      | Reached XP level 7. HP: 24/72 MP: 7/7
  4459 | D:5      | Reached skill level 5 in Maces & Flails
  4777 | D:5      | Found a staircase to the Ecumenical Temple.
  4987 | Temple   | Entered the Ecumenical Temple
  5505 | D:6      | Found Conosmoel's Distillery.
  5680 | D:5      | Reached XP level 8. HP: 57/83 MP: 8/8
  5782 | D:6      | Reached skill level 6 in Fighting
  5932 | D:6      | Bought a potion of heal wounds for 65 gold pieces
  5932 | D:6      | Bought a potion of degeneration for 13 gold pieces
  6044 | D:6      | Found a hide-covered altar of Uskayaw.
  6535 | D:6      | Noticed Eustachio
  6769 | D:6      | Killed Eustachio
  6769 | D:6      | Reached **** piety under Trog
  7626 | D:7      | Found a sand-covered staircase.
  7676 | Ossuary  | Entered an ossuary
  7697 | Ossuary  | Reached skill level 5 in Armour
  8414 | D:7      | Reached skill level 7 in Fighting
  8414 | D:7      | Reached XP level 9. HP: 62/93 MP: 9/9
  8558 | D:7      | HP: 2/93 [ice beast (7)]
  8569 | D:7      | Killed from afar by an orc priest

Illustrated notes

Levels and vault maps discovered:
D:1:      matt_arrival_grand_opening, layout_rooms, serial_forest,
          infiniplex_forest_clump_long, infiniplex_forest_end_2,
          infiniplex_forest_end_2, infiniplex_forest_clump_small,
          infiniplex_forest_lined_2, st_stairs_7
D:2:      layout_basic, serial_shops, nicolae_shop_gaudy_bauble,
          nicolae_book_shop_shelving, serial_co_window_serial,
          co_window_corner_a, co_window_paths_b, co_window_paths_a,
          co_window_of_opportunity_a, co_window_corner_a, co_window_cross_3,
          co_window_corner_b, co_window_unsneaky_path_b, co_window_broadway_a,
          co_window_broadway_b, co_window_corner_ca, co_window_of_opportunity_b,
          co_window_paths_d, co_window_4corner_a, glass_columns_b,
          glass_columns_a, glass_columns_c, glass_columns_b, glass_columns_a,
          chequers_ecumenical_altar_simple_redux, uniq_terence
D:3:      layout_rooms, nzn_wu_jian_council_hall, fountainhead,
          palyth_stone_intersect, minmay_pentangle, uniq_ijyb
D:4:      layout_loops_ring, serial_shops, nicolae_shop_tiny_glass,
          patterned_corridor
D:5:      layout_layer_cave, minmay_temple_entry_arrows, hangedman_decor_push
D:6:      layout_loops_ring, nicolae_uskayaw_dance_hall, serial_shops, shop,
          uniq_eustachio
D:7:      layout_basic, lemuel_coloured_pillars_altar,
          gammafunk_temple_overflow_pools,
          mainiacjoe_ossuary_entry_find_the_door, kennysheep_generic_room_11
Temple:   minmay_crystal_spiral_temple

Skill      XL: |  1  2  3  4  5  6  7  8 |
---------------+-------------------------+-----
Armour         | 1 2 3 4 5 |  5.3
Evocations     | 1 2 3 4 |  4.8
Maces & Flails | 4 5 6 |  6.9
Fighting       | 5 7 |  7.0
Dodging        | |  2.6

Action                     |  1- 3 |  4- 6 |  7- 9 || total
---------------------------+-------+-------+-------++-------
  Melee: Mace              |    14 |       |       ||    14
         Headbutt          |    10 |    29 |    61 ||   100
         Punch             |     1 |       |     7 ||     8
         Dagger            |    53 |   120 |   253 ||   426
         Flail             |       |       |    84 ||    84
    Use: Scroll            |     2 |     9 |     8 ||    19
         Potion            |     1 |     1 |     2 ||     4
   Stab: Sleeping          |     1 |     3 |       ||     4
 Armour: Animal skin       |    33 |    79 |   364 ||   476
  Dodge: Dodged            |    35 |    64 |   236 ||   335
